 Dungeon Crawl Stone Soup version 0.31-a0-557-g6e16503903 (webtiles) character file.

Game seed: 15813293584406801063

1506 Shayle the Ruffian (level 8, 0/120 HPs)
             Began as an Ogre Shapeshifter on Aug 17, 2023.
             Was an Initiate of Ashenzari.
             Slain by Joseph
             ... wielding a +0 quarterstaff
              (8 damage)
             ... on level 7 of the Dungeon.
             The game lasted 00:14:28 (6641 turns).

Shayle the Ruffian (Ogre Shapeshifter)              Turns: 6641, Time: 00:14:28

Health: 0/120      AC: 24    Str: 26    XL:     8   Next: 82%
Magic:  14/14      EV:  1    Int: 11    God:    Ashenzari [......]
Gold:   229        SH:  0    Dex:  9    Spells: 10/15 levels left

rFire   + . .        q - +4 glaive (drain)
rCold   . . .        (shield currently unavailable)
rNeg    . . .        a - melded +0 animal skin
rPois   +            (helmet currently unavailable)
rElec   .            (cloak currently unavailable)
rCorr   .            (gloves unavailable)
SInv    .            (boots unavailable)
Will    .....        (no amulet)
Stlth   +            p - ring of Ashenzari's Sorrow {Str+6, Dev, Bglg} (curse)
HPRegen 0.40/turn    m - ring of protection from fire
MPRegen 0.14/turn

%: no passive effects
@: tree-form
A: stationary, stasis, torment immunity, boosted hp, large, unfitting armour,
(tough skin 1)
a: Renounce Religion, Curse Item, Shatter the Chains


You were on level 7 of the Dungeon.
You worshipped Ashenzari.
Ashenzari was noncommittal.
You were a tree.
You visited 2 branches of the dungeon, and saw 8 of its levels.

You collected 229 gold pieces.

Inventory:

Hand Weapons
 q - a +4 glaive of draining (weapon)
Missiles
 o - 5 curare-tipped darts
Armour
 a - a +0 animal skin (melded)
 r - the scarf "Voxaunt" {+Inv, rF- rN+++}
   (You found it on level 6 of the Dungeon)

   rF-:       It makes you vulnerable to fire.
   rN+++:     It renders you almost immune to negative energy.
Jewellery
 m - a ring of protection from fire (right branch)
 p - the cursed ring of Ashenzari's Sorrow (left branch) {Str+6, Dev, Bglg}
   (You found it on level 4 of the Dungeon)

   [ring of strength]

   Str+6:     It affects your strength (+6).
   It has a curse which improves the following skills: Devices: Evocations and
   Shapeshifting.
   Beguiling: Conjurations, Hexes and Translocations.
Talismans
 c - a beast talisman
 d - a flux talisman
Wands
 b - a wand of charming (13)
 e - a wand of flame (26)
 i - a wand of iceblast (2)
Scrolls
 l - 2 scrolls of amnesia
Potions
 f - 2 potions of brilliance {unknown}
 g - 3 potions of resistance {unknown}
 j - 2 potions of haste
 k - a potion of lignification
 n - 2 potions of might {unknown}


   Skills:
 - Level 5.3 Fighting
 - Level 1.7 Dodging
 + Level 5.9 Unarmed Combat
 - Level 4.1 Spellcasting
 + Level 3.5(3.9) Conjurations
 + Level 3.5 Air Magic
 + Level 4.2(4.6) Shapeshifting


You had 10 spell levels left.
You knew the following spells:

 Your Spells              Type           Power      Damage    Failure   Level
a - Arcjolt               Conj/Air       5%         1d15      80%         5

Your spell library contained the following spells:

 Spells                   Type           Power      Damage    Failure   Level
 Summon Small Mammal      Summ           8%         N/A       24%         1
 Dazzling Flash           Conj/Hex       12%        N/A       30%         3
 Sublimation of Blood     Necr           2%         N/A       34%         2
 Wereblood                Tmut           2%         N/A       34%         2
 Call Canine Familiar     Summ           2%         N/A       56%         3
 Summon Guardian Golem    Hex/Summ       2%         N/A       56%         3
 Volatile Blastmotes      Fire/Tloc      4%         2d10      56%         3
 Dispersal                Tloc           1%         N/A       100%        6
 Starburst                Conj/Fire      3%         6d3       100%        6
 Summon Hydra             Summ           1%         N/A       100%        7
 Maxwell's Capacitive Co  Air            4%         ∞         100%        8


Dungeon Overview and Level Annotations

Branches:
Dungeon (7/15)             Temple (1/1) D:5

Altars:
Ashenzari
Cheibriados
Dithmenos
Elyvilon
Fedhas
Gozag
Hepliaklqana
Kikubaaqudgha
Nemelex Xobeh
Qazlal
Sif Muna
Trog
Uskayaw
Wu Jian
Xom
Zin
The Shining One

Shops:
D:1 (   D:4 =(:

Annotations:
D:5 2 transporters, justen's ghost, novice MfSh
D:7 Joseph


Innate Abilities, Weirdness & Mutations

You are a tree.
Your roots penetrate the ground, keeping you stationary.
You cannot be teleported.
You are immune to unholy pain and torment.
Your maximum health is greatly increased.
Your equipment is partially melded.
You are too large for most types of armour.
((You have tough skin. (AC +1)))


Message History

Joseph shoots a sling bullet.
The sling bullet hits you!
You barely miss Joseph.
Joseph unwields a +0 sling.
Joseph wields a +0 quarterstaff.
Joseph hits you with a +0 quarterstaff!
You barely miss Joseph.
Joseph hits you with a +0 quarterstaff! x2
You closely miss Joseph. Joseph closely misses you.
You slash Joseph!
Joseph is lightly wounded.
Joseph says, "You must be punished!
Or...
I want to punish you!" Joseph hits you with a +0 quarterstaff!
* * * LOW HITPOINT WARNING * * *
Joseph hits you with a +0 quarterstaff!
* * * LOW HITPOINT WARNING * * *
Your transformation has ended.
You turn into a tree.
Your +0 animal skin melds into your body.
Your roots penetrate the ground.
Joseph hits you with a +0 quarterstaff.
* * * LOW HITPOINT WARNING * * *
You feel better. Joseph hits you but does no damage.
You slice Joseph!!
Joseph is heavily wounded.
Joseph hits you with a +0 quarterstaff!
* * * LOW HITPOINT WARNING * * *
Joseph hits you with a +0 quarterstaff!
* * * LOW HITPOINT WARNING * * *
You feel better. Joseph hits you but does no damage.
You closely miss Joseph.
Joseph is heavily wounded.
Joseph hits you with a +0 quarterstaff.
* * * LOW HITPOINT WARNING * * *
Joseph hits you with a +0 quarterstaff!
* * * LOW HITPOINT WARNING * * *
You feel better. Joseph hits you but does no damage.
You hit Joseph.
Joseph is heavily wounded.
Joseph hits you with a +0 quarterstaff.
* * * LOW HITPOINT WARNING * * *
You closely miss Joseph.
Joseph is heavily wounded.
Joseph hits you but does no damage. Joseph hits you with a +0 quarterstaff!
You die...

....####
###....#####
####.....####
####.....####
......###.....###
...........#....#
............###.#
.............##.#
..<>.........♣@#
...............#
.............#
.............#
............# #
...........# #
......##.## #
.....# ..#


You could see Joseph.

Vanquished Creatures
  Jeremiah (D:7)
  Sigmund (D:2)
  A sky beast (D:6)
  A centaur (D:7)
  2 phantoms
  A bullfrog (D:7)
  2 scorpions
  3 jellies
  A gnoll bouda (D:6)
  3 hounds
  2 sleepcaps
  2 iguanas
  An orc wizard (D:5)
  Robin (D:1)
  5 gnolls
  7 adders
  2 ufetubi
  2 worms
  3 dart slugs
  9 orcs
  7 ball pythons
  5 endoplasms
  A giant cockroach (D:3)
  19 goblins
  6 hobgoblins
  3 jackals (D:5)
  A quokka (D:2)
  3 bats
  2 frilled lizards
  4 kobolds
  2 rats (D:2)
103 creatures vanquished.

Notes
Turn   | Place    | Note
-------+----------+-------------------------------------------
     0 | D:1      | Shayle the Ogre Shapeshifter began the quest for the Orb.
     0 | D:1      | Reached XP level 1. HP: 19/19 MP: 1/1
    31 | D:1      | Found Waocucoh's Weapon Shoppe.
   404 | D:1      | Reached XP level 2. HP: 28/28 MP: 3/3
   676 | D:2      | Reached skill level 1 in Spellcasting
   962 | D:2      | Reached XP level 3. HP: 29/36 MP: 3/5
  1075 | D:2      | Noticed Sigmund
  1090 | D:2      | Killed Sigmund
  1091 | D:2      | Reached XP level 4. HP: 35/48 MP: 5/8
  1091 | D:2      | Reached XP level 5. HP: 39/54 MP: 5/9
  1306 | D:2      | Noticed Robin
  1563 | D:1      | Killed Robin
  1564 | D:1      | Reached XP level 6. HP: 28/63 MP: 10/10
  3229 | D:3      | Identified the +0 scale mail of Day {rC+ Int+2}
  3258 | D:4      | Reached skill level 5 in Fighting
  3405 | D:4      | Found Izusupel's Antique Weapon Emporium.
  3593 | D:4      | Found Abif's Jewellery Boutique.
  3722 | D:4      | Found Atwaghoci's Book Shop.
  4077 | D:4      | Found a bloodstained altar of Trog.
  4126 | D:5      | Entered Level 5 of the Dungeon
  4141 | D:5      | Found a staircase to the Ecumenical Temple.
  4147 | Temple   | Entered the Ecumenical Temple
  4173 | Temple   | Became a worshipper of Ashenzari the Shackled
  4237 | D:5      | Found a snail-covered altar of Cheibriados.
  4281 | D:5      | Identified the +9 trident "Death Rattle" {chaos, rCorr}
  4300 | D:5      | Noticed justen's ghost (novice MfSh)
  4431 | D:5      | Got the Octavo of the Distorted Sky
  4442 | D:5      | Learned a level 5 spell: Arcjolt
  4509 | D:5      | Reached XP level 7. HP: 48/72 MP: 13/13
  4520 | D:5      | Reached skill level 1 in Conjurations
  4520 | D:5      | Reached skill level 1 in Air Magic
  4949 | D:5      | Found a transporter.
  4958 | D:5      | Found a transporter.
  5122 | D:6      | HP: 3/72 [sky beast (6)]
  5125 | D:6      | Reached skill level 5 in Unarmed Combat
  5631 | D:6      | Reached XP level 8. HP: 75/80 MP: 14/14
  5663 | D:6      | Identified the scarf "Voxaunt" {+Inv, rF- rN+++}
  6487 | D:7      | Noticed Jeremiah
  6510 | D:7      | Killed Jeremiah
  6628 | D:7      | Noticed Joseph
  6636 | D:7      | HP: 5/120 [Joseph/+0 quarterstaff (11)]
  6638 | D:7      | HP: 2/120 [Joseph/+0 quarterstaff (8)]
  6641 | D:7      | Slain by Joseph

Illustrated notes

Levels and vault maps discovered:
D:1:      saegor_arrival_simple_a, layout_loops_ring, serial_shops,
          nicolae_shop_back_alley_shop, minmay_liquid_box
D:2:      layout_basic, uniq_sigmund, uniq_robin
D:3:      layout_basic
D:4:      layout_basic, lightli_temple_of_fire, serial_shops,
          nicolae_shop_tiny_real_fake_doors,
          nicolae_shop_temple_entry_statues_fountains, shop, grunt_ministairs_4,
          minmay_misc_feat_square, st_stairs_8
D:5:      cheibrodos_quashed, layout_loops_ring, slow_altar_1, temple_green,
          gammafunk_ghost_gnarly_gnolls, uniq_crazy_yiuf_cottage
D:6:      layout_loops_ring
D:7:      layout_cave_pods, serial_shops, nicolae_shop_hallway_stairs,
          biasface_ghost_orc_armoury, uniq_jeremiah, uniq_joseph
Temple:   regret_index_temple_waves

Skill      XL: |  1  2  3  4  5  6  7  8 |
---------------+-------------------------+-----
Fighting       | 2 4 5 |  5.3
Spellcasting   | 1 3 4 |  4.1
Unarmed Combat | 3 4 5 |  5.9
Conjurations   | 2 3 |  3.5
Air Magic      | 2 3 |  3.5
Shapeshifting  | 4 |  4.2
Dodging        | |  1.7

Action                     |  1- 3 |  4- 6 |  7- 9 || total
---------------------------+-------+-------+-------++-------
  Melee: Unarmed           |    65 |   180 |   102 ||   347
         Punch             |     1 |     3 |    10 ||    14
         Glaive            |       |       |     9 ||     9
 Invoke: Curse Item        |       |       |     1 ||     1
  Evoke: Wand              |       |       |    12 ||    12
    Use: Scroll            |     1 |     5 |     4 ||    10
         Potion            |     1 |       |     6 ||     7
   Stab: Distracted        |     1 |       |       ||     1
         Sleeping          |       |     1 |       ||     1
 Armour: Animal skin       |    16 |    45 |    15 ||    76
         Skin              |     4 |       |     4 ||     8
  Dodge: Dodged            |    24 |    85 |    41 ||   150

Table legend: (Time is in decaauts)
 A = Elapsed time spent in this place.
 B = Non-inter-level travel time spent in this place.
 C = Inter-level travel time spent in this place.
 D = Time resting spent in this place.
 E = Time spent auto-exploring this place.
 F = Levels seen in this place.
 G = Mean time per level.
                   A        B        C        D        E       F      G
               +--------+--------+--------+--------+--------+-----+--------+
         Total |   6622 |   6421 |    201 |   1313 |   4094 |   8 |  827.8 |
       Dungeon |   6569 |   6419 |    150 |   1313 |   4094 |   7 |  938.4 |
        Temple |     52 |      1 |     51 |      0 |      0 |   1 |   52.0 |
               +--------+--------+--------+--------+--------+-----+--------+

Top non-repeatable levels by time:
     D:6: 1214 daAuts
     D:2: 1188 daAuts
     D:3: 1058 daAuts
     D:1: 987 daAuts
     D:4: 880 daAuts
     D:5: 784 daAuts
     D:7: 455 daAuts
  Temple: 52 daAuts
